 Dungeon Crawl Stone Soup version 0.22-a0-460-g49b1da7 (webtiles) character file.

233 4thArraOfDagon the Chopper (level 5, 26/50 HPs)
             Began as a Deep Dwarf Fighter on June 9, 2018.
             Quit the game on level 8 of the Dungeon.
             The game lasted 00:03:13 (587 turns).

4thArraOfDagon the Chopper (Deep Dwarf Fighter)      Turns: 587, Time: 00:03:13

Health: 26/50      AC:  7    Str: 19    XL:     5   Next: 75%
Magic:  5/5        EV:  9    Int: 10    God:
Gold:   58         SH:  0    Dex: 12    Spells: 4/4 levels left

rFire    . . .     SeeInvis .   a - +0 war axe
rCold    . . .     Gourm    .   (no shield)
rNeg     . . .     Faith    .   b - +0 scale mail
rPois    .         Spirit   .   (no helmet)
rElec    .         Reflect  .   (no cloak)
rCorr    .         Harm     .   (no gloves)
MR       .....                  (no boots)
Stlth    ..........             (no amulet)
HPRegen  0.00/turn              (no ring)
MPRegen  0.09/turn              (no ring)

@: mildly poisoned (26 -> 26), flying (expiring), non-regenerating
A: damage resistance, heal wounds, sense surroundings 1, no regeneration
a: Heal Wounds


You were on level 8 of the Dungeon.
You were not hungry.

You visited 2 branches of the dungeon, and saw 8 of its levels.

You collected 58 gold pieces.

Inventory:

Hand Weapons
 a - a +0 war axe (weapon)
Armour
 b - a +0 scale mail (worn)
 c - the +1 leather armour "Goumawnut" {Stlth+}
   (You found it on level 6 of the Dungeon)

   It makes you more stealthy.
Wands
 e - a wand of enslavement (15)
Scrolls
 d - 2 scrolls of identify {unknown}
Comestibles
 f - a ration


   Skills:
 + Level 3.7 Fighting
 * Level 5.0 Axes
 + Level 4.5 Armour
   Level 3.2 Shields


You had 4 spell levels left.
You didn't know any spells.
Your spell library was empty.

Dungeon Overview and Level Annotations

Branches:
Dungeon (8/15)             Temple (1/1) D:6
   Lair: D:8-11

Altars:
Ashenzari
Cheibriados
Nemelex Xobeh
Okawaru
Trog
Uskayaw
Wu Jian
Zin
The Shining One
Lugonu


Innate Abilities, Weirdness & Mutations

You are resistant to damage.
You can heal yourself by infusing magical energy.
You passively map a small area around you.
You do not regenerate.


Message History

The worker ant bites you but does no damage.
Evoke which item? (* to show all) (? for menu, Esc to quit)
Aiming: Enslavement
Press: ? - help, Shift-Dir - straight line, f - worker ant
Aim: a worker ant (chance to defeat MR: 54%)
The worker ant resists with significant effort.
You are starting to lose your buoyancy.
The worker ant bites you.
Unknown command.
The crimson imp blinks!
The worker ant bites you.
The crimson imp blinks!
Unknown command.
The ice beast hits you but does no damage.
The worker ant bites you.
You are more poisoned.
The worker ant poisons you! The crimson imp barely misses you.
Unknown command.
The crimson imp shouts, "Away with thee, thou worthless stone-broke bladder!"
The crimson imp hits you but does no damage.
The worker ant barely misses you.
Are you sure you want to abandon this character and quit the game? (Confirm with "yes".)

##......#
###.W..###.
###....###
###....###* *
###...###### ,,
#####............
#...W...........)
##5a5Y.....######*
###@...#### ###.##
###


You could see a phantom, an ice beast, a worker ant and 2 crimson imps.

Vanquished Creatures
  A bullfrog (D:8)
  A jelly (D:7)
  A gnoll shaman (D:6)
  An orc priest (D:7)
  4 gnolls (D:6)
  An adder (D:3)
  An adder zombie (D:6)
  3 leopard geckos
  3 orcs (D:7)
  2 goblins
  2 hobgoblins
  5 jackals
  2 quokkas
  A bat (D:1)
  A frilled lizard (D:1)
  2 rats (D:1)
31 creatures vanquished.

Notes
Turn   | Place    | Note
-------+----------+-------------------------------------------
     0 | D:1      | 4thArraOfDagon the Deep Dwarf Fighter began the quest for the Orb.
     0 | D:1      | Reached XP level 1. HP: 20/20 MP: 1/1
    62 | D:1      | Reached XP level 2. HP: 22/27 MP: 2/2
    96 | D:2      | Found a faded altar of an unknown god.
   174 | D:3      | Reached skill level 3 in Axes
   204 | D:4      | You fall through a shaft for 2 floors!
   223 | D:6      | Reached XP level 3. HP: 29/34 MP: 3/3
   226 | D:6      | Reached XP level 4. HP: 33/42 MP: 4/4
   263 | D:6      | Reached skill level 4 in Axes
   273 | D:6      | Got an encrusted leather armour
   284 | D:6      | Found a staircase to the Ecumenical Temple.
   290 | Temple   | Entered the Ecumenical Temple
   318 | Temple   | Identified the +1 leather armour "Goumawnut" {Stlth+} (You found it on level 6 of the Dungeon)
   370 | D:6      | Found an ornate altar of the Wu Jian Council.
   459 | D:7      | Reached XP level 5. HP: 20/49 MP: 5/5
   502 | D:7      | Noticed an ogre
   519 | D:8      | Noticed a phantom
   528 | D:8      | Noticed an ice beast
   534 | D:8      | Found an iron altar of Okawaru.
   542 | D:8      | Reached skill level 5 in Axes
   587 | D:8      | Quit the game

Vault maps used:
D:1:      elethiomel_arrival_quiet
D:2:      chequers_ecumenical_altar_simple, nicolae_ru_the_path_less_chosen
D:3:      uniq_crazy_yiuf_cottage
D:4:      gup_sewer_entry_glass, serial_glass, glass_columns_a, glass_columns_a,
          first_ration, serial_shops,
          nicolae_shop_temple_entry_statues_fountains, uniq_natasha, uniq_robin,
          uniq_grinder
D:6:      nicolae_overflow_hidden_temple, minmay_temple_entry_hall
D:8:      marbit_many_paths, overflow_temple_1_default,
          lemuel_coloured_pillars_altar
Temple:   corrupted_temple

Skill      XL: |  1  2  3  4  5 |
---------------+----------------+-----
Fighting       | 3 |  3.7
Axes           | 3 4 5 |  5.0
Armour         | 4 |  4.5
Shields        | |  3.2

Action                   |  1- 3 |  4- 6 || total
-------------------------+-------+-------++-------
Melee: War axe           |    35 |    52 ||    87
 Abil: Heal Wounds       |       |     4 ||     4
Evoke: Wand              |       |     1 ||     1
  Use: Potion            |     3 |     1 ||     4
       Scroll            |       |     2 ||     2
Armor: Scale mail        |    28 |    54 ||    82
       Skin              |     1 |    10 ||    11
Dodge: Dodged            |    37 |    46 ||    83

Table legend:
 A = Spawn XP
 B = Non-spawn XP
 C = Spawn XP percentage of total XP
 D = Spawn monster count
 E = Non-spawn monster count
 F = Spawn count percentage of total count
 G = Total turns spent on level
                    A         B        C        D         E        F      G
               +---------+---------+-------+---------+---------+-------+---------
         Total |       0 |     334 |   0.0 |       0 |      31 |   0.0 |   587
               +---------+---------+-------+---------+---------+-------+---------
           D:1 |       0 |      17 |   0.0 |       0 |      10 |   0.0 |    96
           D:3 |       0 |      19 |   0.0 |       0 |       4 |   0.0 |    48
           D:6 |       0 |     112 |   0.0 |       0 |      10 |   0.0 |   143
           D:7 |       0 |      93 |   0.0 |       0 |       5 |   0.0 |   123
           D:8 |       0 |      93 |   0.0 |       0 |       2 |   0.0 |    73
               +---------+---------+-------+---------+---------+-------+---------
